 Dungeon Crawl Stone Soup version 0.19-a0-1021-g80cc50c (webtiles) character file.

42909 FrankyJ the Fighter (level 14, -4/156 HPs)
             Began as a Halfling Fighter on July 27, 2016.
             Was the Champion of Makhleb.
             Slain by a fire crab (8 damage)
             ... on level 5 of the Lair of Beasts.
             The game lasted 01:36:02 (18604 turns).

FrankyJ the Fighter (Halfling Fighter)             Turns: 18604, Time: 01:36:03

Health: -4/156     AC: 28    Str: 20    XL:     14   Next: 57%
Magic:  21/21      EV: 14    Int: 14    God:    Makhleb [******]
Gold:   1123       SH:  3    Dex: 17    Spells: 1 memorised, 16 levels left

rFire  x . .     SeeInvis .     S - +2 dagger (venom)
rCold  . . .     Gourm    .     G - +7 plate armour of the Iron City of Dis {Regen+ rCorr Str-5 Int+4}
rNeg   . . .     Faith    .     (shield restricted)
rPois  .         Spirit   .     o - +4 helmet "Konem Jompu" {rF- Slay+5}
rElec  .         Dismiss  .     (no cloak)
rCorr  +         Reflect  +     (no gloves)
SustAt .         Harm     .     y - +1 pair of boots
MR     +....                    v - +3 amulet of reflection
Stlth  ..........               P - +3 ring of strength
                                W - +2 ring of intelligence

@: berserking, very quick, somewhat resistant to hostile enchantments, extremely
unstealthy
A: hooves 1, mutation resistance 1
a: Minor Destruction, Lesser Servant of Makhleb, Major Destruction, Greater
Servant of Makhleb, Renounce Religion


You were on level 5 of the Lair of Beasts.
You worshipped Makhleb.
Makhleb was exalted by your worship.
You were hungry.

You visited 3 branches of the dungeon, and saw 16 of its levels.

You collected 1123 gold pieces.

Inventory:

Hand Weapons
 g - a +0 hunting sling of freezing
 h - a +0 blowgun
 p - the +7 Singing Sword
   (You found it on level 6 of the Lair of Beasts)
 S - a +2 dagger of venom (weapon)
Missiles
 L - 72 sling bullets
 O - 46 poisoned needles
Armour
 c - a +3 shield
 o - the +4 helmet "Konem Jompu" (worn) {rF- Slay+5}
   (You took it off Robin on level 1 of the Dungeon)

   It affects your accuracy and damage with ranged weapons and melee attacks
   (+5).
   It makes you vulnerable to fire.
 y - a +1 pair of boots (worn)
 G - the +7 plate armour of the Iron City of Dis (worn) {Regen+ rCorr Str-5 Int+4}
   (You found it on level 6 of the Dungeon)

   It affects your strength (-5).
   It affects your intelligence (+4).
   It increases your rate of regeneration.
   It protects you from acid and corrosion.
Jewellery
 v - a +3 amulet of reflection (around neck)
 z - an uncursed ring of flight {unknown}
 P - a +3 ring of strength (right hand)
 W - a +2 ring of intelligence (left hand)
Wands
 d - a wand of iceblast (1/15)
 j - a wand of slowing (20/48)
 l - a wand of disintegration (10/24)
 s - a wand of polymorph (14/24)
 A - a wand of enslavement (12/24)
 C - a wand of confusion (20/48)
 F - a wand of lightning (0/15)
 H - a wand of heal wounds (9/9)
 T - a wand of acid (10/15)
Scrolls
 e - 2 scrolls of teleportation
 n - 9 scrolls of remove curse
 q - a scroll of recharging
 r - 5 scrolls of identify
 t - a scroll of amnesia {unknown}
 E - a scroll of fear
 I - a scroll of blinking
 N - 2 scrolls of magic mapping
Potions
 b - 2 potions of cancellation
 w - a potion of resistance {unknown}
 x - 3 potions of brilliance
 D - 2 potions of flight {unknown}
 J - a potion of agility
 K - a potion of mutation {unknown}
 X - a potion of curing
 Z - a potion of ambrosia {unknown}
Books
 a - a book of Enchantments

   Spells                             Type                      Level
   a - Cause Fear                     Hexes                        4
   b - Yara's Violent Unravelling     Hexes/Transmutation          5
   c - Silence                        Hexes/Air                    5
   d - Deflect Missiles               Charms/Air                   6
   e - Haste                          Charms                       6
   f - Discord                        Hexes                        8
 i - a book of Battle

   Spells                             Type                      Level
   a - Infusion                       Charms                       1
   b - Shroud of Golubria             Charms/Translocation         2
   c - Song of Slaying                Charms                       2
   d - Spectral Weapon                Hexes/Charms                 3
   e - Regeneration                   Charms/Necromancy            3
 B - Tucwonim's Collected Works on Creative Poison
   (You found it on level 5 of the Dungeon)

   Spells                             Type                      Level
   a - Sting                          Conjuration/Poison           1
   b - Summon Small Mammal            Summoning                    1
   c - Mephitic Cloud                 Conjuration/Poison/Air       3
   d - Recall                         Summoning/Translocation      3
   e - Summon Mana Viper              Hexes/Summoning              5
   f - Summon Demon                   Summoning                    5
 M - a book of Frost

   Spells                             Type                      Level
   a - Freeze                         Ice                          1
   b - Throw Frost                    Conjuration/Ice              2
   c - Ozocubu's Armour               Charms/Ice                   3
   d - Throw Icicle                   Conjuration/Ice              4
   e - Summon Ice Beast               Ice/Summoning                4
Miscellaneous
 k - a disc of storms
Comestibles
 f - 13 bread rations
 u - 2 meat rations
 Q - a royal jelly
 R - 10 slices of pizza
 U - 18 fruits
 Y - 2 beef jerkies


   Skills:
 + Level 12.5 Fighting
 - Level 10.4 Short Blades
 - Level 8.7 Armour
 - Level 10.3 Dodging
 - Level 10.8 Stealth
 + Level 8.6 Shields
 - Level 2.2 Spellcasting
 - Level 9.4 Invocations


You had 16 spell levels left.
You knew the following spells:

 Your Spells              Type           Power        Failure   Level  Hunger
a - Sting                 Conj/Pois      #...         100%        1    #......


Dungeon Overview and Level Annotations

Branches:
Dungeon (9/15)             Temple (1/1) D:5            Lair (6/6) D:9
 Shoals (0/4) Lair:4        Snake (0/4) Lair:3        Slime (0/5) Lair:6
    Orc: D:9-12

Altars:
Ashenzari
Cheibriados
Dithmenos
Elyvilon
Fedhas
Gozag
Hepliaklqana
Kikubaaqudgha
Makhleb
Nemelex Xobeh
Okawaru
Pakellas
Qazlal
Ru
Sif Muna
Trog
Uskayaw
Vehumet
Xom
Yredelemnul
Zin
The Shining One
Beogh
Jiyva

Shops:
D:4 }   D:7 :

Annotations:
D:7 1 runed door


Innate Abilities, Weirdness & Mutations

You are small and have problems with some larger weapons.
You are somewhat resistant to further mutation.
You have large cloven feet.


Message History

The fire crab is severely wounded.
The bolt of lightning hits you!
You hear a bellow! x5; You hear a loud, deep croak!
You hear a bleat! x6
The fire crab bites you but does no damage.
The fire crab claws you.
You are engulfed in flames!!
The fire burns you terribly!
Press: ? - help, Shift-Dir - straight line, f/p - fire crab
Aim: a fire crab (severely wounded, poisoned)
The sticky flame hits the fire crab.
The fire crab appears unharmed.
The fire crab is severely wounded.
The fire crab is covered in liquid flames!
The fire crab bites you.
* * * LOW HITPOINT WARNING * * *
You are engulfed in flames!!
The fire burns you terribly!
* * * LOW HITPOINT WARNING * * *
You block the fire crab's attack.
Unknown command.
A red film seems to cover your vision as you go berserk!
You feel yourself moving faster!
You feel mighty! The fire crab bites you!
You die...

.............................P...
...................#.#.#.#.#.#...
.................................
..................##.#.#.#.#.#...
..##.P...........................
...###.............#.#.#.#.#.#...
###.##...........................
# ####..........Y..#.#.#.#.#.#...
#.#.........@................
####.........t.#.#.#.#.#.#...
##.P...............<......
###........#.#.#.#.#.#...
##......................
#.........#.#.#.#.#.#...
###..................... #####
##......#.#.#.#.#.#... #.P.##
#....................


You could see an elephant and a fire crab (burning).

Vanquished Creatures
  Harold (Lair:1)
  5 hydras
  12 death yaks
  2 catoblepae (Lair:5)
  A naga sharpshooter (Lair:3)
  Pikel (D:5)
  2 griffons
  A manticore (Lair:4)
  5 elephants (Lair:4)
  3 black mambas
  9 spiny frogs
  A torpor snail (Lair:5)
  2 rime drakes
  8 komodo dragons
  7 polar bears
  A troll (D:9)
  Grinder (D:5)
  7 blink frogs
  2 wyverns (Lair:6)
  3 basilisks
  30 yaks
  9 hippogriffs
  3 hungry ghosts
  7 water moccasins
  13 porcupines
  9 orc warriors
  An ice beast (D:9)
  3 sky beasts
  2 phantoms
  5 black bears
  A necrophage (D:7)
  14 wolves
  4 ogres
  5 centaurs
  12 crocodiles
  Blork the orc (D:5)
  A big kobold (D:8)
  11 giant frogs
  3 scorpions
  10 wights (D:9)
  3 howler monkeys (D:7)
  4 crimson imps
  A giant frog zombie (D:7)
  3 centaur skeletons
  4 orc priests
  A giant frog skeleton (D:9)
  A hound (D:7)
  6 orc wizards
  6 iguanas
  3 worker ants
  22 sheep
  2 hound skeletons
  2 worker ant zombies
  Robin (D:1)
  33 river rats
  8 adders
  3 adder zombies
  An adder skeleton (D:4)
  A worm (D:5)
  A dart slug (D:1)
  4 giant geckos
  48 orcs
  8 giant cockroaches
  17 goblins
  6 hobgoblins
  3 jackals (D:3)
  8 quokkas
  A ball python (D:3)
  7 bats
  A giant gecko zombie (D:7)
  3 giant newts
  8 kobolds
  A quokka zombie (D:7)
  5 rats
444 creatures vanquished.

Vanquished Creatures (others)
  A wizard (D:3)
  A gnoll (D:5)
  4 fungi
  4 plants
10 creatures vanquished.

Grand Total: 454 creatures vanquished

Notes
Turn   | Place    | Note
-------+----------+-------------------------------------------
     0 | D:1      | FrankyJ the Halfling Fighter began the quest for the Orb.
     0 | D:1      | Reached XP level 1. HP: 15/15 MP: 1/1
    79 | D:1      | Reached skill level 1 in Stealth
    79 | D:1      | Reached XP level 2. HP: 20/20 MP: 2/2
    88 | D:1      | Reached skill level 1 in Dodging
   498 | D:1      | Reached XP level 3. HP: 25/25 MP: 3/3
   792 | D:2      | Noticed Robin
   817 | D:1      | Killed Robin
   819 | D:1      | Got a polished helmet
   825 | D:1      | Identified the +4 helmet "Konem Jompu" {rF- Slay+5} (You took it off Robin on level 1 of the Dungeon)
  1158 | D:2      | Reached XP level 4. HP: 26/30 MP: 4/4
  2101 | D:3      | Found a bloodstained altar of Trog.
  2102 | D:3      | Noticed a wizard
  2107 | D:3      | Killed a wizard
  2156 | D:3      | Reached XP level 5. HP: 35/35 MP: 5/5
  2424 | D:4      | Noticed an ogre
  2460 | D:4      | Killed an ogre
  2460 | D:4      | Reached XP level 6. HP: 21/41 MP: 6/6
  2677 | D:4      | Noticed an ogre
  2683 | D:4      | Killed an ogre
  2683 | D:4      | Reached skill level 5 in Stealth
  2987 | D:4      | Reached XP level 7. HP: 45/45 MP: 7/7
  3196 | D:4      | Found Busa's Gadget Shop.
  3461 | D:5      | Entered Level 5 of the Dungeon
  3542 | D:5      | Noticed Pikel
  3559 | D:5      | Killed Pikel
  3559 | D:5      | Reached skill level 4 in Fighting
  3559 | D:5      | Reached skill level 5 in Short Blades
  3559 | D:5      | Reached skill level 5 in Dodging
  3559 | D:5      | Reached XP level 8. HP: 13/54 MP: 8/8
  3833 | D:5      | Found a staircase to the Ecumenical Temple.
  3874 | Temple   | Entered the Ecumenical Temple
  4112 | Temple   | Became a worshipper of Makhleb the Destroyer
  4253 | D:5      | Noticed Blork the orc
  4271 | D:5      | Killed Blork the orc
  4334 | D:5      | Found an iron altar of Okawaru.
  4334 | D:5      | Found a shadowy altar of Dithmenos.
  4334 | D:5      | Found a radiant altar of Vehumet.
  4334 | D:5      | Found a shattered altar of Ashenzari.
  4338 | D:5      | Noticed Grinder
  4338 | D:5      | Paralysed by Grinder for 6 turns
  4347 | D:5      | Found a hazy altar of Hepliaklqana.
  4347 | D:5      | Found a deep blue altar of Sif Muna.
  4354 | D:5      | Identified Tucwonim's Collected Works on Creative Poison
  4463 | D:5      | Killed Grinder
  4761 | D:6      | Reached XP level 9. HP: 45/59 MP: 9/9
  4798 | D:6      | Reached skill level 5 in Armour
  4806 | D:6      | Reached * piety under Makhleb
  5395 | D:6      | Got an ancient plate armour
  5406 | D:6      | Identified the +7 plate armour of the Iron City of Dis {Regen+ rCorr Str-5 Int+4} (You found it on level 6 of the Dungeon)
  5743 | D:7      | Found Ticus's Book Emporium.
  6170 | D:7      | Reached ** piety under Makhleb
  6172 | D:7      | Reached skill level 5 in Fighting
  6195 | D:7      | HP: 1/61 [orc priest/divine providence (12)]
  6205 | D:7      | Reached XP level 10. HP: 22/66 MP: 10/10
  6353 | D:7      | Found a runed door.
  8196 | D:9      | Reached *** piety under Makhleb
  8399 | D:9      | Found a staircase to the Lair.
  8430 | D:9      | Reached skill level 6 in Fighting
  8433 | D:9      | Found a glowing golden altar of the Shining One.
  8441 | D:9      | Found a shimmering altar of Xom.
  8903 | D:9      | Reached **** piety under Makhleb
  8936 | D:9      | Reached XP level 11. HP: 74/74 MP: 11/11
  9170 | D:9      | Found a roughly hewn altar of Beogh.
  9330 | Lair:1   | Entered Level 1 of the Lair of Beasts
  9388 | Lair:1   | Reached skill level 10 in Short Blades
  9609 | Lair:1   | Reached skill level 7 in Fighting
  9655 | Lair:1   | You fall through a shaft!
 10038 | Lair:1   | Reached ***** piety under Makhleb
 10708 | Lair:1   | Noticed Harold
 10740 | Lair:1   | Killed Harold
 10740 | Lair:1   | Reached skill level 10 in Dodging
 11851 | Lair:3   | Reached XP level 12. HP: 82/82 MP: 15/15
 11854 | Lair:3   | Learned a level 1 spell: Sting
 11981 | Lair:3   | Found a labyrinth entrance.
 11996 | Lair:3   | Reached skill level 8 in Fighting
 12002 | Lair:3   | Reached skill level 5 in Invocations
 12145 | Lair:3   | Noticed a naga sharpshooter
 12176 | Lair:3   | Killed a naga sharpshooter
 12594 | Lair:3   | Found a staircase to the Snake Pit.
 12616 | Lair:3   | Noticed a four-headed hydra
 12623 | Lair:3   | Noticed a six-headed hydra
 12635 | Lair:3   | Killed a four-headed hydra
 12635 | Lair:3   | Reached skill level 9 in Fighting
 12649 | Lair:3   | Killed a six-headed hydra
 13227 | Lair:4   | Noticed a six-headed hydra
 13257 | Lair:4   | Killed a six-headed hydra
 13257 | Lair:4   | Reached skill level 1 in Spellcasting
 13404 | Lair:4   | Reached XP level 13. HP: 73/90 MP: 19/19
 13644 | Lair:4   | Found a staircase to the Shoals.
 13751 | Lair:4   | Reached ****** piety under Makhleb
 13997 | Lair:4   | Reached skill level 10 in Fighting
 14254 | Lair:4   | Reached skill level 10 in Stealth
 15120 | Lair:5   | Gained mutation: You have large cloven feet. [potion of beneficial mutation]
 15139 | Lair:5   | Found a shimmering altar of Xom.
 15144 | Lair:5   | Noticed an eight-headed hydra
 15175 | Lair:5   | Killed an eight-headed hydra
 15346 | Lair:5   | Reached skill level 11 in Fighting
 15649 | Lair:6   | Entered Level 6 of the Lair of Beasts
 15827 | Lair:6   | Found a dark tunnel.
 15932 | Lair:6   | Found a staircase to the Slime Pits.
 16013 | Lair:5   | Reached skill level 5 in Shields
 16060 | Lair:5   | Reached XP level 14. HP: 73/101 MP: 21/21
 16991 | Lair:6   | Found a viscous altar of Jiyva.
 17010 | Lair:6   | Reached skill level 12 in Fighting
 18603 | Lair:5   | HP: 2/104 [fire crab (18)]
 18604 | Lair:5   | Slain by a fire crab

Vault maps used:
D:1:      dpeg_arrival_shrine, roderic_curled_sauvastika
D:2:      uniq_robin
D:3:      first_bread, hangedman_abyss_or_decor_stabs, trog_wizard
D:4:      serial_shops, nicolae_shop_trees
D:5:      minmay_overflow_temple_hex, uniq_grinder, uniq_pikel,
          uniq_blork_the_orc
D:6:      serial_co_window_serial, co_window_of_opportunity_a,
          co_window_of_opportunity_a, co_window_paths_a, co_window_cross_1,
          co_window_paths_a, co_window_cross_3, co_window_2corner,
          co_window_of_opportunity_c, co_window_paths_c, co_window_paths_c,
          co_window_4corner_b, glass_columns_a, glass_columns_a,
          glass_columns_b, glass_columns_a, glass_columns_a
D:7:      serial_shops, nicolae_shop_competitors_out_of_business,
          uniq_crazy_yiuf_cottage
D:8:      kennysheep_six_static_rooms
D:9:      minitemple, lair_0_dummy, special_room, grunt_pizzeria
Temple:   eino_narrow_crystal_temple
Lair:1:   infiniplex_staircase_pool_2, grunt_megastairs_3, lemuel_fruit_tree,
          uniq_harold
Lair:2:   serial_bayou_shore_b
Lair:3:   dummy_snake_entry, lab_entry_generic, grunt_megastairs_5,
          serial_bayou_shore_b, lemuel_fruit_fields
Lair:4:   minmay_shoals_entry_beasts, beast_lair_carwin_6
Lair:5:   wad_woods_stonehenge, st_stairs_11, beast_lair_carwin_4
Lair:6:   grunt_lair_end_beastmaster, slime_altar_1, enter_volcano_1

Skill      XL: |  1  2  3  4  5  6  7  8  9 10 11 12 13 14 |
---------------+-------------------------------------------+-----
Stealth        | 1 2 3 4 6 8 10 | 10.8
Dodging        | 1 2 3 4 5 6 8 10 | 10.3
Short Blades   | 3 5 6 7 9 10 | 10.4
Fighting       | 4 5 6 7 9 11 12 | 12.5
Armour         | 4 6 7 8 |  8.7
Invocations    | 4 9 |  9.4
Spellcasting   | 2 |  2.2
Shields        | 5 8 |  8.6

Action                   |  1- 3 |  4- 6 |  7- 9 | 10-12 | 13-15 || total
-------------------------+-------+-------+-------+-------+-------++-------
Melee: Rapier            |   124 |    88 |   291 |   604 |       ||  1107
       Dagger            |       |       |       |   455 |  1219 ||  1674
 Fire: Hunting sling     |       |    17 |     6 |    15 |     6 ||    44
       Blowgun           |       |       |       |    29 |    21 ||    50
Throw: Stone             |       |       |     1 |       |       ||     1
Invok: Major Destruction |       |       |       |     2 |     2 ||     4
       Lesser Servant of |       |       |       |       |     1 ||     1
Evoke: Wand              |       |       |       |     2 |     2 ||     4
  Use: Scroll            |       |     6 |     6 |     7 |     5 ||    24
       Potion            |       |       |     5 |     3 |     3 ||    11
 Stab: Sleeping          |       |     2 |     2 |       |       ||     4
  Eat: Chunk             |     1 |     6 |     8 |    23 |    13 ||    51
       Beef jerky        |       |       |     1 |       |       ||     1
       Meat ration       |       |       |     1 |     1 |     1 ||     3
       Pizza             |       |       |     1 |     1 |       ||     2
Armor: Scale mail        |    63 |    26 |    17 |       |       ||   106
       Plate armour      |       |       |   225 |   389 |   577 ||  1191
Dodge: Dodged            |    49 |    26 |    89 |   228 |   371 ||   763
Block: Shield            |    61 |    36 |   166 |   388 |   633 ||  1284
       Other             |       |       |       |       |    22 ||    22
